Map: Ruins of Seras

Players

uThermal - Winner!

  • Race: Terran Terran
  • League: Grandmaster

Steisjo

  • Race: Protoss Protoss
  • League: Platinum

Event: DreamHack ZOWIE Open Leipzig

VOD

Have the link to the VOD?

Description

Time

  • Played on: Jan. 22, 2016, 3:59 p.m.
  • Length: 5:46

All games in this series

Show
View Real Time Build Order
Export as new Build Order

uThermal Terran - Winner!

Build Orders:  

Get SALT Encoding   

  12  0:01  SCV  
  13  0:13  SCV  
  14  0:18  Supply Depot  
  14  0:25  SCV  
  15  0:39  SCV  
  15  0:41  Barracks  
  16  0:45  Refinery  
  16  0:51  SCV  
  17  1:04  SCV  
  18  1:16  SCV  
  19  1:28  Orbital Command  
  19  1:29  Barracks Reactor  
  19  1:43  Command Center  
  19  1:52  Supply Depot  
  19  1:55  SCV  
  20  2:05  Marine  
  20  2:06  Marine  
  20  2:08  SCV  
  23  2:15  Factory  
  23  2:20  SCV  
  24  2:24  Marine  
  24  2:25  Marine  
  26  2:30  Refinery  
  26  2:33  SCV  
  27  2:41  Marine  
  27  2:42  Marine  
  29  2:45  SCV  
  30  2:57  SCV, Orbital Command  
  31  3:02  Starport  
  31  3:04  Factory Tech Lab  
  31  3:07  Marine  
  31  3:08  Marine  
  33  3:16  SCV  
  34  3:23  Engineering Bay  
  34  3:26  Cyclone  
  37  3:28  Marine  
  37  3:31  Marine  
  39  3:35  SCV  
  39  3:36  SCV  
  40  3:43  Supply Depot  
  40  3:49  Marine  
  40  3:51  Missile Turret  
  40  3:53  Missile Turret  
  41  3:59  Cyclone  
  41  4:00  Marine  
  45  4:05  Liberator  
  45  4:06  SCV, Supply Depot  
  45  4:08  Marine  
  47  4:13  SCV  
  48  4:18  SCV, Marine  
  53  4:25  SCV  
  53  4:28  Marine  
  55  4:31  Supply Depot  
  55  4:36  Marine  
  55  4:37  SCV  
  57  4:44  SCV  
  58  4:46  Cyclone, Marine  
  58  4:50  Supply Depot  
  62  4:54  Marine  
  62  4:59  SCV  
  64  5:04  Marine  
  64  5:05  Barracks  
  65  5:07  SCV, Barracks  
  65  5:12  Marine  
  67  5:16  SCV  
  67  5:20  SCV  
  69  5:22  Marine  
  73  5:29  SCV  
  75  5:37  Refinery x2  
  75  5:38  Supply Depot  
Show
View Real Time Build Order
Export as new Build Order

Steisjo Protoss 

Build Orders: 1 Gate Expand, Oracle Opening 

Get SALT Encoding   

  12  0:01  Probe (Chrono Boost)  
  13  0:11  Probe (Chrono Boost)  
  14  0:18  Pylon  
  14  0:23  Probe (Chrono Boost)  
  15  0:36  Probe (Chrono Boost)  
  15  0:38  Gateway  
  16  0:46  Probe (Chrono Boost)  
  17  0:50  Assimilator  
  17  0:57  Probe (Chrono Boost)  
  18  1:08  Probe (Chrono Boost)  
  19  1:23  Nexus  
  19  1:33  Cybernetics Core  
  19  1:37  Probe (Chrono Boost)  
  20  1:42  Assimilator  
  20  1:47  Probe (Chrono Boost)  
  20  1:53  Pylon  
  21  1:58  Probe (Chrono Boost)  
  22  2:08  Probe (Chrono Boost)  
  22  2:12  Adept (Chrono Boost), Warp Gate  
  25  2:20  Probe  
  26  2:29  Stargate  
  26  2:32  Probe  
  26  2:36  Adept (Chrono Boost)  
  26  2:37  Probe  
  30  2:47  Probe  
  31  2:51  Probe  
  32  2:59  Probe, Adept (Chrono Boost)  
  32  3:02  Probe  
  36  3:11  Probe  
  37  3:13  Probe, Oracle (Chrono Boost)  
  41  3:23  Probe  
  41  3:24  Pylon  
  41  3:26  Mothership Core, Adept  
  46  3:42  Probe  
  46  3:46  Probe (Chrono Boost)  
  48  3:54  Probe (Chrono Boost), Nexus  
  49  3:58  Probe (Chrono Boost)  
  49  4:00  Pylon  
  50  4:05  Probe (Chrono Boost)  
  50  4:09  Probe (Chrono Boost)  
  52  4:10  Gateway  
  52  4:12  Gateway  
  52  4:16  Probe (Chrono Boost)  
  53  4:19  Probe (Chrono Boost)  
  53  4:23  Adept  
  56  4:26  Assimilator  
  56  4:28  Twilight Council  
  56  4:30  Probe (Chrono Boost)  
  58  4:31  Probe (Chrono Boost)  
  57  4:42  Probe (Chrono Boost)  
  57  4:43  Probe (Chrono Boost)  
  59  4:46  Adept  
  59  4:50  Pylon  
  59  4:52  Pylon  
  61  5:01  Assimilator  
  61  5:05  Pylon  
  61  5:06  Probe x2 (Chrono Boost)  
  61  5:07  Adept  
  61  5:10  Adept  
  61  5:11  Adept  
  67  5:21  Probe x2 (Chrono Boost)  
  59  5:25  Probe  
  59  5:28  Adept  
  62  5:32  Adept x2  
  62  5:33  Probe  

Tags
 
Add a new tag
Caveats
  • Supply blocks, unpowered buildings, or Contaminate may cause inaccurate times.
  • Supply counts are checked every 10 seconds.